 Dungeon Crawl Stone Soup version 0.25.0-37-gb73750e0fb (console) character file.

Game seed: 7861361506424517193

288 Colgate the Cudgeler (level 6, -10/38 HPs)
             Began as a Gargoyle Berserker on July 8, 2020.
             Was a Priest of Trog.
             Mangled by Menkaure (12 damage)
             ... on level 4 of the Dungeon.
             The game lasted 00:37:48 (3257 turns).

Colgate the Cudgeler (Gargoyle Berserker)           Turns: 3257, Time: 00:37:48

Health: -10/38     AC: 10    Str: 20    XL:     6   Next: 31%
Magic:  6/6        EV: 11    Int:  8    God:    Trog [***...]
Gold:   208        SH:  0    Dex: 11    Spells: 5/5 levels left

rFire    . . .     SeeInvis .   o - +2 dagger (venom)
rCold    . . .     Gourm    .   (no shield)
rNeg     + . .     Faith    .   i - +0 ring mail
rPois    ∞         Spirit   .   (no helmet)
rElec    +         Reflect  .   (no cloak)
rCorr    .         Harm     .   h - +0 pair of gloves
MR       .....                  (no boots)
Stlth    +.........             (no amulet)
HPRegen  0.12/turn              (no ring)
MPRegen  0.10/turn              (no ring)

@: no status effects
A: negative energy resistance 1, electricity resistance, unbreathing,
petrification resistance, rot immunity, AC +4
a: Berserk, Trog's Hand, Renounce Religion


You were on level 4 of the Dungeon.
You worshipped Trog.
Trog was most pleased with you.
You were not hungry.

You visited 1 branch of the dungeon, and saw 4 of its levels.

You collected 208 gold pieces.

Inventory:

Hand Weapons
 l - a +0 hunting sling
 o - a +2 dagger of venom (weapon)
Missiles
 b - 17 sling bullets
 f - 66 stones (quivered)
 m - 3 curare-tipped darts
 p - 16 poisoned darts
 u - 21 bolts
Armour
 h - a +0 pair of gloves (worn)
 i - a +0 ring mail (worn)
Wands
 v - a wand of iceblast (11)
Scrolls
 e - 6 scrolls of identify {unknown}
 g - 2 scrolls of amnesia {unknown}
 k - 2 scrolls of remove curse {unknown}
 n - a scroll of teleportation {unknown}
 r - a scroll of fog {unknown}
 t - a scroll of noise {unknown}
Potions
 d - a potion of flight {unknown}
 j - a potion of curing {unknown}
 q - a potion of degeneration {unknown}
 s - a potion of berserk rage {unknown}
 w - 2 potions of brilliance {unknown}
Comestibles
 a - 4 chunks of flesh
 c - 7 rations


   Skills:
 - Level 4.0 Fighting
   Level 5.2 Maces & Flails
 + Level 3.2 Slings
 - Level 2.1 Armour
 - Level 1.5 Dodging


You had 5 spell levels left.
You didn't know any spells.
Your spell library was empty.

Dungeon Overview and Level Annotations

Branches:
Dungeon (4/15)
 Temple: D:4-7

Altars:
Fedhas
Ru
Uskayaw
Vehumet
Wu Jian

Annotations:
D:4 Menkaure


Innate Abilities, Weirdness & Mutations

You are resistant to torment.
Your stone body is resilient. (AC +4)
You are immune to poison.
You resist negative energy. (rN+)
You are resistant to electric shocks. (rElec)
You can survive without breathing.
You are immune to petrification.
You are immune to rotting.


Message History

Menkaure is severely damaged.
Menkaure closely misses you.
You hit Menkaure.
Menkaure is severely damaged.
Menkaure hits you. Menkaure completely misses you.
You are too injured to fight recklessly!
That item cannot be evoked!
Evoke which item? (* to show all) (? for menu, Esc to quit)
Okay, then.
You hit Menkaure but do no damage.
Menkaure is severely damaged.
Menkaure barely misses you.
You hit Menkaure.
Menkaure is almost destroyed.
Menkaure hits you!
* * * LOW HITPOINT WARNING * * *
You barely miss Menkaure.
Menkaure is almost destroyed.
Menkaure hits you!
You die...

...........# #.
####......# #. ###.####
#. #.# #. #.# #. ##'##
#. ##...## #. ##.....##
#### ##.......## ##.##
...#.##.........####...#
......M@........+.......
...#.##.........####..>#
##.......## #....
##.....## #.... ##...##
#.... ##+## ##.## #.#
#.# #.# #.# ###.######
#.# #........# #.#
#.....##.# #.#


You could see Menkaure (fast).

Vanquished Creatures
  An ogre (D:4)
  2 worker ants
  A hound skeleton (D:3)
  A howler monkey skeleton (D:4)
  4 adders
  4 worms
  A dart slug (D:1)
  4 leopard geckos
  4 orcs (D:3)
  2 ball pythons (D:3)
  4 bats
  2 giant cockroaches
  12 goblins
  8 hobgoblins
  4 frilled lizards
  12 kobolds
  A quokka skeleton (D:4)
  10 rats
77 creatures vanquished.

Notes
Turn   | Place    | Note
-------+----------+-------------------------------------------
     0 | D:1      | Colgate the Gargoyle Berserker began the quest for the Orb.
     0 | D:1      | Reached XP level 1. HP: 14/14 MP: 1/1
   201 | D:1      | Reached XP level 2. HP: 20/20 MP: 2/2
   620 | D:1      | Reached XP level 3. HP: 24/24 MP: 3/3
  1060 | D:2      | Reached ** piety under Trog
  1239 | D:2      | Reached skill level 4 in Maces & Flails
  1437 | D:2      | Reached XP level 4. HP: 9/29 MP: 4/4
  2096 | D:3      | Reached skill level 5 in Maces & Flails
  2117 | D:3      | Reached XP level 5. HP: 28/33 MP: 5/5
  2456 | D:3      | Reached skill level 1 in Slings
  2656 | D:3      | Found a blossoming altar of Fedhas.
  2680 | D:3      | Reached *** piety under Trog
  2854 | D:3      | Found an ornate altar of the Wu Jian Council.
  2984 | D:4      | Found a radiant altar of Vehumet.
  2985 | D:4      | Found a hide-covered altar of Uskayaw.
  2985 | D:4      | Found a sacrificial altar of Ru.
  3099 | D:4      | Noticed an ogre
  3118 | D:4      | Killed an ogre
  3118 | D:4      | Reached XP level 6. HP: 38/38 MP: 6/6
  3240 | D:4      | Noticed Menkaure
  3257 | D:4      | Mangled by Menkaure

Illustrated notes

Levels and vault maps discovered:
D:1:      scummos_arrival_forest, layout_loops_corners
D:2:      layout_loops_ring, minmay_misc_feat_rugged
D:3:      layout_loops_ring, fedhas_ov_isle_minmay,
          nicolae_overflow_hidden_temple, kennysheep_generic_room_3
D:4:      layout_loops_corners, nemelex_xobeh_ov_fountains_minmay,
          grunt_temple_overflow_open, gammafunk_ghost_abyssal_escape,
          uniq_menkaure

Skill      XL: |  1  2  3  4  5 |
---------------+----------------+-----
Fighting       | 4 |  4.0
Maces & Flails | 4 5 |  5.2
Slings         | 3 |  3.2
Armour         | |  2.1
Dodging        | |  1.5

Action                   |  1- 3 |  4- 6 || total
-------------------------+-------+-------++-------
Melee: Mace              |   103 |    57 ||   160
       Flail             |       |    11 ||    11
       Dagger            |       |    68 ||    68
 Fire: Hunting sling     |       |    25 ||    25
Throw: Stone             |    18 |    10 ||    28
       Dart              |       |    11 ||    11
Invok: Berserk           |    11 |     1 ||    12
  Eat: Chunk             |    12 |     7 ||    19
Armor: Animal skin       |     3 |       ||     3
       Leather armour    |    17 |       ||    17
       Ring mail         |    19 |    65 ||    84
Dodge: Dodged            |    63 |    83 ||   146
